 Dungeon Crawl Stone Soup version 0.25-b1-23-ge2ad7d536c (webtiles) character file.

Game seed: 7268918883099898037, levelgen mode: deterministic

81 diana the Skirmisher (level 4, 0/37 HPs)
             Began as a Demonspawn Fighter on June 1, 2020.
             Slain by Purgy (1 damage)
             ... on level 3 of the Dungeon.
             The game lasted 00:01:35 (1582 turns).

diana the Skirmisher (Demonspawn Fighter)           Turns: 1582, Time: 00:01:36

Health: 0/37       AC:  6    Str: 17    XL:     4   Next: 20%
Magic:  4/4        EV:  7    Int: 10    God:
Gold:   147        SH:  9    Dex: 16    Spells: 3/3 levels left

rFire    . . .     SeeInvis .   a - +0 long sword
rCold    . . .     Gourm    .   c - +0 kite shield
rNeg     . . .     Faith    .   b - +0 scale mail
rPois    .         Spirit   .   (no helmet)
rElec    .         Reflect  .   (no cloak)
rCorr    .         Harm     .   (no gloves)
MR       .....                  (no boots)
Stlth    +.........             (no amulet)
HPRegen  0.12/turn              (no ring)
MPRegen  0.09/turn              (no ring)

@: mighty
A: thin skeletal structure 2, rot immunity
a: no special abilities


You were on level 3 of the Dungeon.
You were not hungry.

You visited 1 branch of the dungeon, and saw 3 of its levels.

You collected 147 gold pieces.

Inventory:

Hand Weapons
 a - a +0 long sword (weapon)
Armour
 b - a +0 scale mail (worn)
 c - a +0 kite shield (worn)
Scrolls
 h - 2 scrolls of teleportation {unknown}
 j - 2 scrolls of amnesia {unknown}
 k - 5 scrolls of remove curse {unknown}
 l - a scroll of enchant armour {unknown}
 m - a scroll of enchant weapon {unknown}
Potions
 e - a potion of haste {unknown}
 i - 2 potions of berserk rage {unknown}
 n - a potion of heal wounds {unknown}
 o - 2 potions of curing {unknown}
 p - a potion of invisibility {unknown}
Comestibles
 f - 4 rations
 g - 5 chunks of flesh


   Skills:
 * Level 3.9 Fighting
 + Level 2.3 Long Blades
 + Level 3.2 Armour
 + Level 3.1 Shields


You had 3 spell levels left.
You didn't know any spells.
Your spell library was empty.

Dungeon Overview and Level Annotations

Branches:
Dungeon (3/15)

Altars:

Annotations:
D:3 Purgy


Innate Abilities, Weirdness & Mutations

You have a moderately thin skeletal structure. (Dex +4, Stealth+)
You are immune to rotting.


Message History

Purgy bites you. Purgy claws you. x2
* * * LOW HITPOINT WARNING * * *
You barely miss Purgy.
Purgy is severely wounded.
Purgy bites you!
* * * LOW HITPOINT WARNING * * *
Purgy closely misses you. Purgy claws you but does no damage.
Purgy barely misses you. Purgy claws you.
* * * LOW HITPOINT WARNING * * *
You block Purgy's attack.
You barely miss Purgy.
Purgy is severely wounded.
Purgy bites you.
* * * LOW HITPOINT WARNING * * *
Purgy completely misses you. Purgy barely misses you.
Unknown command.
You hit Purgy.
Purgy is severely wounded.
Purgy bites you but does no damage. Purgy claws you.
You die...

###################
#..................
##.################
#.# #.# #.# #@# #T#
#o# .r. #.# #.# #.#
..#


You could see Purgy, an orc and a quokka.

Vanquished Creatures
  2 adders
  An ooze (D:3)
  2 worms (D:3)
  2 dart slugs (D:1)
  2 orcs (D:3)
  5 giant cockroaches
  3 goblins
  8 hobgoblins
  2 jackals (D:1)
  2 quokkas
  2 ball pythons (D:2)
  5 bats
  4 frilled lizards
  3 kobolds
  2 rats
45 creatures vanquished.

Notes
Turn   | Place    | Note
-------+----------+-------------------------------------------
     0 | D:1      | diana the Demonspawn Fighter began the quest for the Orb.
     0 | D:1      | Reached XP level 1. HP: 18/18 MP: 1/1
   176 | D:1      | Gained mutation: You are immune to rotting. [demonic
                  | ancestry]
   176 | D:1      | Reached XP level 2. HP: 24/24 MP: 2/2
   797 | D:2      | Gained mutation: You have a somewhat thin skeletal
                  | structure. (Dex +2, Stealth) [demonic ancestry]
   797 | D:2      | Reached XP level 3. HP: 25/29 MP: 3/3
  1469 | D:3      | Gained mutation: You have a moderately thin skeletal
                  | structure. (Dex +4, Stealth+) [demonic ancestry]
  1469 | D:3      | Reached XP level 4. HP: 36/37 MP: 4/4
  1564 | D:3      | Noticed Purgy
  1581 | D:3      | HP: 1/37 [Purgy (2)]
  1582 | D:3      | Slain by Purgy

Illustrated notes

Levels and vault maps discovered:
D:1:      dpeg_arrival_round_a, layout_rooms, minmay_heptomino_o4
D:2:      layout_rooms
D:3:      layout_basic, amethyst_overflow_temple_binary, first_ration,
          uniq_grinder, uniq_purgy, uniq_natasha

Skill      XL: |  1  2  3 |
---------------+----------+-----
Long Blades    | 2 |  2.3
Shields        | 3 |  3.1
Armour         | 3 |  3.2
Fighting       | |  3.9

Action                   |  1- 3 |  4- 6 || total
-------------------------+-------+-------++-------
Melee: Long sword        |   127 |    20 ||   147
  Use: Potion            |       |     1 ||     1
  Eat: Chunk             |     2 |       ||     2
Armor: Scale mail        |    78 |    12 ||    90
Dodge: Dodged            |    35 |     9 ||    44
Block: Kite shield       |    54 |    11 ||    65
       Rpst.: Long sword |    11 |     1 ||    12
